 Dungeon Crawl Stone Soup version 0.21-a0-196-g6a663c0 (webtiles) character file.

213 polean the Conjurer (level 6, 0/43 HPs)
             Began as a Human Conjurer on Aug 15, 2017.
             Killed by divine providence
             ... invoked by an orc priest
              (9 damage)
             ... on level 3 of the Dungeon.
             The game lasted 00:26:42 (4645 turns).

polean the Conjurer (Human Conjurer)                Turns: 4645, Time: 00:26:42

Health: 0/43       AC:  4    Str:  9    XL:     6   Next: 14%
Magic:  1/10       EV: 13    Int: 16    God:
Gold:   118        SH:  0    Dex: 14    Spells: 5/11 levels left

rFire    . . .     SeeInvis .   g - +0 short sword
rCold    . . .     Gourm    .   (no shield)
rNeg     . . .     Faith    .   a - +0 robe
rPois    .         Spirit   .   k - +1 helmet
rElec    .         Reflect  .   (no cloak)
rCorr    .         Harm     .   (no gloves)
MR       .....                  (no boots)
Stlth    ++........             (no amulet)
HPRegen  0.14/turn              (no ring)
MPRegen  0.12/turn              (no ring)

@: no status effects
A: no striking features
a: no special abilities


You were on level 3 of the Dungeon.
You were not hungry.

You visited 1 branch of the dungeon, and saw 3 of its levels.

You collected 118 gold pieces.

Inventory:

Hand Weapons
 g - a +0 short sword (weapon)
Missiles
 j - 106 stones (quivered)
Armour
 a - a +0 robe (worn)
 k - a +1 helmet (worn)
Scrolls
 d - a scroll of remove curse
 e - 2 scrolls of identify
 i - a scroll of magic mapping
Potions
 n - a potion of magic
Books
 b - a book of Conjurations

   Spells                             Type                      Level
   a - Magic Dart                     Conjuration                  1
   b - Searing Ray                    Conjuration                  2
   c - Dazzling Spray                 Conjuration/Hexes            3
   d - Fulminant Prism                Conjuration/Hexes            4
   e - Force Lance                    Conjuration/Translocation    4
   f - Iskenderun's Mystic Blast      Conjuration                  4
Comestibles
 c - 2 bread rations
 f - a royal jelly
 h - 3 fruits
 l - a meat ration
 m - 7 chunks of flesh


   Skills:
 + Level 1.1 Fighting
 + Level 0.8 Short Blades
 + Level 2.7 Dodging
 + Level 3.5 Stealth
 + Level 3.2 Spellcasting
 + Level 4.9 Conjurations


You had 5 spell levels left.
You knew the following spells:

 Your Spells              Type           Power        Failure   Level  Hunger
a - Magic Dart            Conj           ###.         2%          1    None
b - Searing Ray           Conj           ###...       3%          2    ##.....
c - Dazzling Spray        Conj/Hex       ##....       21%         3    ###....


Dungeon Overview and Level Annotations

Branches:
Dungeon (3/15)

Altars:


Message History

Aiming: Magic Dart
Press: ? - help, Shift-Dir - straight line, f/p - orc priest
Aim: an orc priest, wielding a mace of protection (severely wounded)
The magic dart hits the orc priest.
The orc priest is severely wounded.
You hit the orc priest but do no damage.
The orc priest is severely wounded.
The orc priest hits you with a mace of protection!
You hit the orc priest but do no damage.
The orc priest is severely wounded.
The orc priest hits you with a mace of protection.
You hit the orc priest.
The orc priest is almost dead.
The orc priest mumbles some strange prayers to Beogh against you.
Pain shoots through your body!
* * * LOW HITPOINT WARNING * * *
Okay, then.
The orc priest invokes the aid of Beogh against you.
Beogh smites you!
You die...

#.....รท##########
#.####.# #.# #>#
#.####.# #.##...#
##...<#.#
##..####... ##...#
##### #..#@# #)#..#
#####.o.##
#....o###
#####.##.####
#...........#######
#######..##.......#
#.########### #.#


You could see an orc priest and an orc.

Vanquished Creatures
  An orc priest (D:3)
  8 gnolls
  2 adders (D:2)
  2 oozes (D:1)
  4 dart slugs
  A leopard gecko (D:1)
  2 orcs (D:3)
  A giant cockroach (D:3)
  10 goblins
  6 hobgoblins
  2 jackals (D:3)
  5 quokkas (D:2)
  A ball python (D:2)
  13 bats
  2 frilled lizards (D:3)
  7 kobolds
  6 rats
73 creatures vanquished.

Notes
Turn   | Place    | Note
-------+----------+-------------------------------------------
     0 | D:1      | polean the Human Conjurer began the quest for the Orb.
     0 | D:1      | Reached XP level 1. HP: 13/13 MP: 3/3
   118 | D:1      | Reached XP level 2. HP: 19/19 MP: 0/5
   244 | D:1      | Learned a level 2 spell: Searing Ray
  1001 | D:1      | Reached XP level 3. HP: 24/24 MP: 6/6
  1225 | D:1      | Learned a level 3 spell: Dazzling Spray
  1829 | D:2      | Reached XP level 4. HP: 30/30 MP: 2/7
  2747 | D:2      | Reached XP level 5. HP: 24/36 MP: 5/9
  4314 | D:3      | Reached skill level 1 in Fighting
  4606 | D:3      | Reached XP level 6. HP: 43/43 MP: 4/10
  4645 | D:3      | Killed from afar by an orc priest

Vault maps used:
D:1:      dpeg_arrival_simpleton_a
D:2:      first_bread, minmay_tetromino_l4
D:3:      kennysheep_big_flooded_room

Skill      XL: |  1  2  3  4  5 |
---------------+----------------+-----
Stealth        | 3 |  3.5
Spellcasting   | 3 |  3.2
Fighting       | 1 |  1.1
Short Blades   | |  0.8
Dodging        | |  2.7
Conjurations   | |  4.9

Action                   |  1- 3 |  4- 6 || total
-------------------------+-------+-------++-------
Melee: Short sword       |     2 |    37 ||    39
 Cast: Magic Dart        |    46 |    53 ||    99
       Searing Ray       |     7 |    18 ||    25
       Dazzling Spray    |       |     2 ||     2
  Use: Scroll            |     3 |     5 ||     8
       Potion            |     3 |     4 ||     7
 Stab: Sleeping          |     2 |       ||     2
  Eat: Chunk             |     2 |     6 ||     8
       Meat ration       |     1 |       ||     1
       Fruit             |     1 |       ||     1
Armor: Robe              |     4 |    20 ||    24
Dodge: Dodged            |    16 |    65 ||    81
